 Dungeon Crawl Stone Soup version 0.27.1-36-g1b1ada6b1e (webtiles) character file.

Game seed: 8937494524228516586

357 KleinerIrrer the Insei (level 6, -2/42 HPs)
             Began as an Octopode Delver on Feb 5, 2023.
             Was an Initiate of Gozag.
             Succumbed to a gnoll's poison
             ... on level 4 of the Dungeon.
             The game lasted 00:09:37 (4647 turns).

KleinerIrrer the Insei (Octopode Delver)            Turns: 4647, Time: 00:09:37

Health: -2/42      AC:  1    Str: 18    XL:     6   Next: 64%
Magic:  6/6        EV: 13    Int: 13    God:    Gozag
Gold:   291        SH:  4    Dex: 20    Spells: 5/5 levels left

rFire    . . .     SeeInvis .     - Unarmed
rCold    . . .     Faith    .   q - +0 buckler
rNeg     . . .     Spirit   .   (helmet restricted)
rPois    .         Reflect  .   (no amulet)
rElec    .         Harm     .   f - ring of flight
rCorr    .         Rampage  .   k - +6 ring of strength
Will     .....                  u - +6 ring of dexterity
Stlth    +++++.....             (no ring)
HPRegen  0.14/turn              (no ring)
MPRegen  0.10/turn              (no ring)
                                (no ring)
                                (no ring)

@: lethally poisoned (-2 -> -21), gold aura, attractive, flying
A: almost no armour, amphibious, 8 rings, camouflage 1, gelatinous body 1,
(nimble swimmer 1), tentacles
a: Renounce Religion, Potion Petition, Call Merchant, Bribe Branch


You were on level 4 of the Dungeon.
You worshipped Gozag.
Gozag was aware of your devotion.
You visited 2 branches of the dungeon, and saw 7 of its levels.

You collected 372 gold pieces.
You paid 81 gold pieces to Gozag.

Inventory:

Missiles
 h - 12 poisoned darts (quivered)
 j - 2 boomerangs
 r - 6 javelins
Armour
 q - a +0 buckler (worn)
Jewellery
 f - a ring of flight (left tentacle)
 k - a +6 ring of strength (right tentacle)
 u - a +6 ring of dexterity (on tentacle)
Wands
 e - a wand of digging (3)
Scrolls
 a - 2 scrolls of fog
 b - a scroll of vulnerability
 c - 2 scrolls of teleportation {unknown}
 d - a scroll of enchant armour {unknown}
 g - a scroll of holy word {unknown}
 l - a scroll of magic mapping
 m - a scroll of identify {unknown}
 o - a scroll of noise {unknown}
 p - a scroll of summoning {unknown}
 s - a scroll of brand weapon {unknown}
 v - a scroll of immolation {unknown}
Potions
 i - 2 potions of attraction
 t - a potion of might {unknown}
 w - a potion of curing {unknown}


   Skills:
 - Level 3.0 Fighting
 + Level 2.2 Dodging
 - Level 6.6 Stealth
 + Level 6.7 Unarmed Combat


You had 5 spell levels left.
You didn't know any spells.
Your spell library contained the following spells:

 Spells                   Type           Power      Damage    Failure   Level
 Corpse Rot               Necr/Air       N/A        N/A       61%         2
 Ensorcelled Hibernation  Hex/Ice        0%         N/A       61%         2
 Poisonous Vapours        Pois/Air       0%         N/A       61%         2
 Dazzling Flash           Conj/Hex       0%         N/A       83%         3
 Portal Projectile        Hex/Tloc       0%         N/A       83%         3
 Spider Form              Tmut/Pois      0%         N/A       83%         3
 Agony                    Necr           0%         N/A       100%        5
 Blade Hands              Tmut           0%         N/A       100%        5
 Excruciating Wounds      Necr           0%         N/A       100%        5
 Freezing Cloud           Conj/Ice/Air   0%         6-21      100%        5
 Silence                  Hex/Air        0%         N/A       100%        5
 Iron Shot                Conj/Erth      0%         9d1       100%        6
 Shadow Creatures         Summ           N/A        N/A       100%        6
 Animate Armour           Summ/Erth      Unusable   N/A       N/A         4

Dungeon Overview and Level Annotations

Branches:
Dungeon (6/15)             Temple (1/1) D:4

Altars:
Ashenzari
Cheibriados
Dithmenos
Elyvilon
Fedhas
Gozag
Hepliaklqana
Kikubaaqudgha
Makhleb
Nemelex Xobeh
Okawaru
Qazlal
Ru
Sif Muna
Trog
Uskayaw
Vehumet
Wu Jian
Xom
Yredelemnul
Zin
The Shining One

Annotations:
D:3 1 runed translucent door, Banquo's ghost, amateur FoFi


Innate Abilities, Weirdness & Mutations

You cannot wear most types of armour.
You are amphibious.
You can wear up to eight rings at the same time.
Your skin changes colour to match your surroundings (Stealth+).
Your rubbery body absorbs attacks. (AC +1, EV +1)
((You are camouflaged near water. (Stealth+)))
You have tentacles for arms and can constrict up to eight enemies at once.


Message History

You are no longer poisoned.
There is a stone staircase leading up here.
The gnoll closely misses you.
You fly upwards.
Level annotation: 1 runed translucent door, Banquo's ghost, amateur FoFi
There is a stone staircase leading down here.
You start resting.
HP restored.
You fly downwards.
There is a stone staircase leading up here.
You block the gnoll's attack.
The gnoll hits you with a +0 spear of venom.
You are poisoned.
You tentacle-slap the gnoll. You grab the gnoll.
You tentacle-slap the gnoll, but do no damage.
The gnoll is moderately wounded.
You constrict the gnoll.
You feel very sick.
The gnoll hits you with a +0 spear of venom!
You are more poisoned.
You tentacle-slap the gnoll.
You squeeze the gnoll, but do no damage.
The gnoll is severely wounded.
You constrict the gnoll.
You feel very sick.
The gnoll hits you with a +0 spear of venom!
You are more poisoned.
You bludgeon the gnoll!
You kill the gnoll!
* * * LOW HITPOINT WARNING * * *
You feel extremely sick.
It was a potion of attraction.
You feel attractive to monsters.
* * * LOW HITPOINT WARNING * * *
You feel very sick.
Unknown command.
It was a potion of flight.
You feel more buoyant.
You die...
Your body crumbles into a pile of gold.

#.#.............##,,**,,,8,,,**,,
..#......#.......#*+**,,,,,,,',,,
..#......######..#*,,**,,,,,**,,,
..#.....## #..#,,,,**,,,**+*,,
...,,....*#####.##,,,,+###**,,*##
,..,,,,,,,#......##,,##..##,,,,#.
,,,,,,,,,,#.......####....+,,,,#.
*,,,,,,,,,#..........#..g.#*,,*#.
*,,,,,,,,,#...<.@$...##g.########
*,,,,,,,,,#.......?...#'#*#......
**,,,,,............[.#$.# #.$....
*,,,,,,...#..........##.# #......
*,,,,,,..,#..........#### #......
*,,,,,,.,,############ #......
*,,,,,,,,,* #...... *,,,,,,,,,*
#...... **,,,,,,,** #......


There were no monsters in sight!

Vanquished Creatures
  An ogre (D:5)
  A phantom (D:4)
  A howler monkey (D:3)
  A bullfrog zombie (D:6)
  An iguana (D:4)
  A gnoll (D:4)
  2 adders
  An ufetubus (D:4)
  3 dart slugs
  2 orcs
  6 endoplasms
  4 giant cockroaches
  8 goblins
  4 hobgoblins
  5 jackals
  A quokka (D:1)
  3 ball pythons
  2 bats
  2 frilled lizards
  10 kobolds
  6 rats
65 creatures vanquished.

Vanquished Creatures (others)
  A plant (D:6)
1 creature vanquished.

Grand Total: 66 creatures vanquished

Notes
Turn   | Place    | Note
-------+----------+-------------------------------------------
     0 | D:5      | KleinerIrrer the Octopode Delver began the quest for the
                  | Orb.
     0 | D:5      | Reached XP level 1. HP: 16/16 MP: 1/1
    19 | D:4      | Noticed an iguana
    30 | D:4      | Killed an iguana
    31 | D:4      | Reached XP level 2. HP: 7/21 MP: 2/2
    31 | D:4      | Reached XP level 3. HP: 8/26 MP: 3/3
   373 | D:4      | Found a staircase to the Ecumenical Temple.
   379 | Temple   | Entered the Ecumenical Temple
   669 | D:4      | Noticed a phantom
   712 | D:3      | Noticed Banquo's ghost (amateur FoFi)
   714 | D:3      | You are sucked into a shaft and drop 3 floors!
   902 | D:5      | Noticed an ogre
  1009 | D:5      | Found a snail-covered altar of Cheibriados.
  1033 | D:5      | Found a hide-covered altar of Uskayaw.
  1039 | D:5      | Found a broken altar of Ashenzari.
  1040 | D:5      | Found a shimmering blue altar of Sif Muna.
  1041 | D:5      | Found a bloodstained altar of Trog.
  1043 | D:5      | Found an opulent altar of Gozag.
  1208 | D:1      | Reached XP level 4. HP: 28/31 MP: 4/4
  2048 | D:5      | Became a worshipper of Gozag Ym Sagoz the Greedy
  2163 | D:5      | Killed an ogre
  2164 | D:5      | Reached skill level 5 in Unarmed Combat
  2164 | D:5      | Reached XP level 5. HP: 15/36 MP: 5/5
  3242 | D:2      | Found a faded altar of an unknown god.
  3736 | D:3      | Found a hazy altar of Hepliaklqana.
  3854 | D:3      | Reached XP level 6. HP: 38/42 MP: 6/6
  3890 | D:3      | Found a runed translucent door.
  4646 | D:4      | HP: 2/42 [poisoned by a gnoll]
  4647 | D:4      | Succumbed to a gnoll's poison

Illustrated notes

Levels and vault maps discovered:
D:1:      dpeg_arrival_boxorama, layout_rooms, serial_bayou_ford_a
D:2:      layout_loops_ring, basic_ecumenical_altar
D:3:      layout_rooms, mainiacjoe_overflow_24_doors,
          hellmonk_ghost_happy_afterlife
D:4:      minmay_bubble_buster, layout_rooms,
          minmay_temple_entry_enclosed_plants
D:5:      layout_loops_ring, lemuel_round_altar, minitemple
D:6:      layout_loops_ring, serial_bayou_pond_c, roderic_roman_lattice,
          ebering_dispersal_statue_hall, uniq_pikel
Temple:   regret_index_temple_generic_petals

Skill      XL: |  1  2  3  4  5 |
---------------+----------------+-----
Unarmed Combat | 3 4 5 6 |  6.7
Fighting       | |  3.0
Dodging        | |  2.2
Stealth        | |  6.6

Action                   |  1- 3 |  4- 6 || total
-------------------------+-------+-------++-------
Melee: Unarmed           |    30 |   102 ||   132
       Tentacles         |    11 |    16 ||    27
       Constrict         |     8 |    18 ||    26
       Punch             |       |     7 ||     7
  Use: Scroll            |     1 |     2 ||     3
       Potion            |     1 |     2 ||     3
 Stab: Sleeping          |     3 |    19 ||    22
       Distracted        |       |     1 ||     1
Armor: Skin              |       |     2 ||     2
Dodge: Dodged            |    17 |    37 ||    54
Block: Buckler           |       |     7 ||     7
